 Dungeon Sprint DCSS version 0.19-b1-5-gdc9fa9d (webtiles) character file.

1438 LORDOFBUTT the Imperceptible (level 8, -2/37 HPs)
             Began as a Spriggan Assassin on Oct 31, 2016.
             Was a Believer of Dithmenos.
             Slain by an orc
             ... wielding a +1 whip of electrocution
              (11 damage)
             ... in the Dungeon (Sprint III: "The Ten Rune Challenge").
             The game lasted 00:02:41 (583 turns).

LORDOFBUTT the Imperceptible (Spriggan Assassin)     Turns: 583, Time: 00:02:42

Health: -2/37      AC:  5    Str:  7    XL:     8   Next: 45%
Magic:  9/9        EV: 17    Int: 13    God:    Dithmenos [**....]
Gold:   15         SH:  0    Dex: 19    Spells: 0 memorised, 7 levels left

rFire  + . .     SeeInvis +     a - +2 dagger
rCold  . . .     Gourm    .     n - +2 robe {rF+}
rNeg   . . .     Faith    .     (shield restricted)
rPois  .         Spirit   .     (helmet restricted)
rElec  .         Reflect  .     d - +0 cloak
rCorr  .         Harm     .     (gloves unavailable)
MR     +....     NoTele   +     (boots unavailable)
Stlth  ++++++++++               (no amulet)
                                (no ring)
                                (no ring)

@: wreathed by umbra, very quick
A: unfitting armour, see invisible, herbivore 3, speed 3, slow metabolism 2
a: Shadow Step, Renounce Religion


You were in the Dungeon.
You worshipped Dithmenos.
Dithmenos was pleased with you.
You were not hungry.

You visited 1 branch You collected 15 gold pieces.

Inventory:

Hand Weapons
 a - a +2 dagger (weapon)
 b - a +0 blowgun
Armour
 d - a +0 cloak (worn)
 n - a +2 robe of fire resistance (worn)
Wands
 w - a wand of teleportation (3/9)
Scrolls
 m - a scroll of blinking
 o - a scroll of immolation {unknown}
 p - 3 scrolls of identify
 q - 2 scrolls of remove curse
 t - a scroll of holy word {unknown}
Potions
 c - 2 potions of mutation {unknown}
 h - a potion of curing
 i - a potion of heal wounds
 j - a potion of haste
 k - 2 potions of magic
 l - 3 potions of berserk rage
 r - 2 potions of cure mutation {unknown}
 s - a potion of flight {unknown}
 v - a potion of might
Comestibles
 g - a bread ration
 u - 4 fruits
 x - a royal jelly


   Skills:
 - Level 1.5 Fighting
 - Level 2.1 Short Blades
 - Level 2.0 Throwing
 - Level 1.5 Dodging
 + Level 25.2 Stealth


You had 7 spell levels left.
You didn't know any spells.

Dungeon Overview and Level Annotations

Branches:
Dungeon (1/1)

Altars:
Cheibriados
Dithmenos
Elyvilon
Fedhas
Gozag
Hepliaklqana
Kikubaaqudgha
Makhleb
Nemelex Xobeh
Okawaru
Qazlal
Ru
Sif Muna
Trog
Uskayaw
Vehumet
Xom
Yredelemnul
Zin
The Shining One
Beogh
Jiyva
Lugonu

Shops:
D [


Innate Abilities, Weirdness & Mutations

You are very small and have problems with some larger weapons.
You are too small for most types of armour.
You have supernaturally acute eyesight. (SInv)
You are a herbivore.
You cover ground extremely quickly.
You need consume almost no food.


Message History

You hit the orc knight but do no damage.
The orc knight is severely wounded.
You closely miss the orc knight.
The orc knight is severely wounded.
The orc knight hits you with a war axe!
You hit the orc knight but do no damage.
The orc knight is severely wounded.
You closely miss the orc knight.
The orc knight is severely wounded.
The orc misses you. The orc knight misses you.
You hit the orc knight but do no damage.
The orc knight is severely wounded.
The orc barely misses you.
You hit the orc knight but do no damage.
The orc knight is severely wounded.
The orc knight hits you with a war axe.
The orc hits you with a whip of electrocution!
* * * LOW HITPOINT WARNING * * *
You are electrocuted!
You die...

▓▓▓▓▓▓▓▓ ▓▓▓ ▓▓▓ ▓▓▓ .'.....♣♣
♣.#############$# #$$$ .#....♣.♣
♣♣.#___#__[#__#$$##oo$# ##....♣.♣
..#)..#__)#†_#.$..ooo. .#....≈.♣
♣♣.###'#'###'##...ooooo
.#...≈≈♣♣♣.♣.#...o.(....#..).oooo
)#..≈≈≈≈♣.♣♣.'.⌠@o......#.$#
'#..≈≈≈≈≈≈♣♣.#...######'#(##
.#.≈≈≈≈≈≈....#.⌠.#__#...#o######
.#.≈≈≈≈≈.....#...#__#..(#....#)#
.#.≈≈≈.......#'###__#...##.#.)#
##...........#.))#__#...'##.#.#
%............#___#__'..(#...#..#
▓▓▓▓▓▓▓▓▓▓▓▓▓▓▓▓▓▓▓▓▓▓▓▓▓▓▓▓▓▓▓▓


You could see an orc knight and an orc.

Vanquished Creatures
  A deep elf mage (D)
  A shadow (D)
  A spatial vortex (D)
  A necrophage (D)
  2 two-headed ogres (D)
  A water elemental (D)
  A jelly (D)
  Jessica (D)
  An orc wizard (D)
  A wizard (D)
  A necromancer (D)
  3 humans (D)
  A kobold demonologist (D)
  A wolf (D)
  An orc (D)
  3 rats (D)
21 creatures vanquished.

Vanquished Creatures (others)
  2 draconian scorchers (D)
  6 hellions (D)
  A yaktaur (D)
  2 plants (D)
11 creatures vanquished.

Grand Total: 32 creatures vanquished

Notes
Turn   | Place    | Note
-------+----------+-------------------------------------------
     0 | D        | LORDOFBUTT the Spriggan Assassin began the quest for the Orb.
     0 | D        | Reached XP level 1. HP: 10/10 MP: 2/2
     6 | D        | Reached skill level 6 in Stealth
    54 | D        | Noticed Jessica
    56 | D        | Reached skill level 7 in Stealth
    59 | D        | Killed Jessica
    59 | D        | Reached skill level 10 in Stealth
    59 | D        | Reached XP level 2. HP: 13/14 MP: 3/3
   118 | D        | Reached skill level 11 in Stealth
   118 | D        | Reached XP level 3. HP: 5/18 MP: 4/4
   121 | D        | Killed a hellion
   122 | D        | Killed a hellion
   126 | D        | Reached skill level 12 in Stealth
   135 | D        | Killed a hellion
   137 | D        | Killed a hellion
   138 | D        | Killed a yaktaur
   147 | D        | Killed a hellion
   245 | D        | Killed a white draconian scorcher
   369 | D        | Killed a hellion
   396 | D        | Noticed a water elemental
   398 | D        | Killed a water elemental
   398 | D        | Reached skill level 14 in Stealth
   398 | D        | Reached XP level 4. HP: 22/22 MP: 5/5
   401 | D        | Found a radiant altar of Vehumet.
   402 | D        | Found a deep blue altar of Sif Muna.
   402 | D        | Found an ancient bone altar of Kikubaaqudgha.
   402 | D        | Noticed a wizard
   403 | D        | Killed a wizard
   403 | D        | Reached skill level 15 in Stealth
   403 | D        | Reached XP level 5. HP: 25/25 MP: 6/6
   405 | D        | Reached skill level 16 in Stealth
   413 | D        | Found a glowing silver altar of Zin.
   413 | D        | Found a glowing golden altar of the Shining One.
   413 | D        | Found a white marble altar of Elyvilon.
   414 | D        | Noticed a deep elf mage
   416 | D        | Killed a deep elf mage
   416 | D        | Reached skill level 21 in Stealth
   416 | D        | Reached XP level 6. HP: 30/30 MP: 7/7
   416 | D        | Reached XP level 7. HP: 33/33 MP: 8/8
   420 | D        | Found a hide-covered altar of Uskayaw.
   420 | D        | Found a roughly hewn altar of Beogh.
   420 | D        | Found an iron altar of Okawaru.
   420 | D        | Found a bloodstained altar of Trog.
   420 | D        | Noticed a human
   421 | D        | Noticed a human
   423 | D        | Killed a human
   423 | D        | Reached skill level 22 in Stealth
   424 | D        | Killed a human
   424 | D        | Reached skill level 23 in Stealth
   447 | D        | Killed a white draconian scorcher
   464 | D        | Found a basalt altar of Yredelemnul.
   464 | D        | Found a shadowy altar of Dithmenos.
   464 | D        | Found a sacrificial altar of Ru.
   471 | D        | Became a worshipper of Dithmenos the Shadowed
   478 | D        | Noticed a shadow
   481 | D        | Killed a shadow
   481 | D        | Reached skill level 24 in Stealth
   481 | D        | Reached XP level 8. HP: 37/37 MP: 9/9
   491 | D        | Found a blossoming altar of Fedhas.
   491 | D        | Found a stormy altar of Qazlal.
   492 | D        | Found a snail-covered altar of Cheibriados.
   492 | D        | Found a burning altar of Makhleb.
   492 | D        | Found a hazy altar of Hepliaklqana.
   492 | D        | Found a shimmering altar of Xom.
   492 | D        | Found an opulent altar of Gozag.
   492 | D        | Found a sparkling altar of Nemelex Xobeh.
   492 | D        | Found a corrupted altar of Lugonu.
   492 | D        | Found a viscous altar of Jiyva.
   495 | D        | Reached * piety under Dithmenos
   509 | D        | Reached skill level 25 in Stealth
   533 | D        | Reached ** piety under Dithmenos
   535 | D        | Noticed an orc knight
   536 | D        | Found Ygoa's Armour Shop.
   583 | D        | Slain by an orc

Skill      XL: |  1  2  3  4  5  6  7  8 |
---------------+-------------------------+-----
Stealth        | 10 11 14 15 21 24 25 | 25.2
Fighting       | |  1.5
Short Blades   | |  2.1
Throwing       | |  2.0
Dodging        | |  1.5

Action                   |  1- 3 |  4- 6 |  7- 9 || total
-------------------------+-------+-------+-------++-------
Melee: Dagger            |    25 |     3 |    31 ||    59
 Fire: Blowgun           |     7 |       |     9 ||    16
  Use: Scroll            |       |       |     1 ||     1
 Stab: Sleeping          |     2 |     3 |    10 ||    15
Armor: Robe              |     1 |       |     2 ||     3
Dodge: Dodged            |    23 |       |    11 ||    34
